[Event "Titled Tuesday Blitz February 14 Early 2023"]
[White "Manelyuk, Daniil"]
[Black "Mazibuko, Khanya"]
[WhiteFideId "44173920"]
[BlackFideId "14321041"]
[WhiteElo "2302"]
[BlackElo "1913"]
[Result "1-0"]
[Round "08"]
[TimeControl "180+2"]
[Date "2023.02.14"]
[WhiteClock "0:01:43"]
[BlackClock "0:00:12"]

1. e4 e5 2. Nf3 Nc6 3. Bb5 a6 4. Ba4 Nf6 5. O-O Be7 6. Re1 b5 7. Bb3 O-O 8. d4 d6 9. c3 Bg4 10. Be3 Na5 11. Bc2 Nc4 12. Bc1 c5 13. b3 Nb6 14. d5 Re8 15. Nbd2 Bf8 16. Nf1 g6 17. Ne3 Bc8 18. a4 Bb7 19. a5 Nbd7 20. b4 Bg7 21. Bb2 Rc8 22. Qd2 Nh5 23. g3 Qf6 24. Kg2 Bh6 25. Bd3 g5 26. Ng4 Qg6 27. Nxh6+ Qxh6 28. Qxg5+ Qxg5 29. Nxg5 cxb4 30. cxb4 Nhf6 31. f4 h6 32. Nf3 exf4 33. gxf4 Nh5 34. Kf2 Nxf4 35. Rg1+ Ng6 36. Nh4 Kh7 37. e5 Nxe5 38. Bxe5 Rxe5 39. Nxg6 fxg6 40. Rxg6 Rc3 41. Rag1 Rc8 42. Rg7+ 1-0


[Site "https://www.chess.com"]

[Event "Titled Tuesday Blitz February 14 Early 2023"]
[White "Szente Varga, Fruzsina"]
[Black "Maksimenko, Viktor"]
[WhiteFideId "712264"]
[BlackFideId "13710478"]
[WhiteElo "2075"]
[BlackElo "2196"]
[Result "0-1"]
[Round "08"]
[TimeControl "180+2"]
[Date "2023.02.14"]
[WhiteClock "0:00:09"]
[BlackClock "0:01:29"]

1. e4 e5 2. Nf3 Nc6 3. Bb5 a6 4. Ba4 Nf6 5. Qe2 b5 6. Bb3 Bc5 7. c3 d6 8. O-O Bb6 9. Rd1 O-O 10. d3 h6 11. Nbd2 Ne7 12. Nf1 Ng6 13. Be3 Rb8 14. Bc2 Bd7 15. d4 Qe8 16. Ng3 c5 17. dxc5 dxc5 18. Rd6 Qe7 19. Rad1 Rfd8 20. h3 Be6 21. Rxd8+ Rxd8 22. Rxd8+ Qxd8 23. b3 c4 24. Bxb6 Qxb6 25. Nf5 Qa5 26. bxc4 Bxc4 27. Qd2 Be6 28. N3h4 Nxh4 29. Nxh4 Qxa2 30. Qd3 Qc4 31. Qd8+ Kh7 32. Qa5 Qc6 33. Nf5 Bxf5 34. exf5 Qc5 35. Qxa6 Qxc3 36. Qa2 b4 37. Qb3 Qe1+ 38. Kh2 Qxf2 39. Bd3 e4 40. Bb1 Qf4+ 41. Kh1 e3 42. Qxf7 Qf1+ 43. Kh2 Qxb1 44. Qg6+ Kh8 0-1


[Site "https://www.chess.com"]

[Event "Titled Tuesday Blitz February 14 Early 2023"]
[White "Koridze, Lile"]
[Black "Sharapov, Evgeny"]
[WhiteFideId "13612514"]
[BlackFideId "14103133"]
[WhiteElo "2191"]
[BlackElo "2375"]
[Result "1/2-1/2"]
[Round "08"]
[TimeControl "180+2"]
[Date "2023.02.14"]
[WhiteClock "0:00:49"]
[BlackClock "0:00:27"]

1. d4 Nf6 2. c4 e6 3. Nf3 Bb4+ 4. Bd2 c5 5. g3 O-O 6. Bg2 Bxd2+ 7. Qxd2 d6 8. O-O Nc6 9. Nc3 e5 10. e3 Bg4 11. dxe5 dxe5 12. Qc2 Qe7 13. a3 Rad8 14. h3 Be6 15. Ng5 Bxc4 16. Rfd1 h6 17. Nge4 Nxe4 18. Nxe4 Na5 19. Qc3 Rxd1+ 20. Rxd1 Bb3 21. Rc1 b6 22. Nd2 Qe6 23. Ne4 Rd8 24. Nxc5 bxc5 25. Qxa5 Qb6 26. Qxc5 Qxc5 27. Rxc5 Rd1+ 28. Kh2 Rd2 29. Rxe5 Rxf2 30. Kg1 Rxb2 31. Ra5 Rb1+ 32. Kf2 Rb2+ 33. Kg1 Rb1+ 34. Kf2 Rb2+ 35. Kg1 1/2-1/2


[Site "https://www.chess.com"]

[Event "Titled Tuesday Blitz February 14 Early 2023"]
[White "Bodnaruk, Anastasia"]
[Black "Martin, Lewis"]
[WhiteFideId "4181751"]
[BlackFideId "410551"]
[WhiteElo "2350"]
[BlackElo "2135"]
[Result "1-0"]
[Round "08"]
[TimeControl "180+2"]
[Date "2023.02.14"]
[WhiteClock "0:00:08"]
[BlackClock "0:00:13"]

1. e4 c5 2. Nc3 Nc6 3. Bb5 Nd4 4. Bc4 a6 5. a4 e6 6. Nge2 g6 7. Nxd4 cxd4 8. Ne2 Bg7 9. d3 Ne7 10. Bb3 O-O 11. O-O d5 12. a5 b5 13. axb6 dxe4 14. dxe4 Qxb6 15. Bg5 Nc6 16. Qd2 Bb7 17. Bh6 Rfd8 18. Bxg7 Kxg7 19. Nc1 Nb4 20. Re1 Rac8 21. Nd3 Nxd3 22. Qxd3 e5 23. Ra4 Rc7 24. Rea1 Rd6 25. Ra5 Re7 26. f3 Bc8 27. Kh1 f5 28. R5a4 fxe4 29. fxe4 Rf6 30. h3 Bb7 31. Kh2 Rf4 32. Re1 Qf6 33. Rb4 Rf2 34. Qg3 Ba8 35. Rb6 Qxb6 36. Qxf2 Rf7 37. Qxf7+ 1-0


[Site "https://www.chess.com"]

[Event "Titled Tuesday Blitz February 14 Early 2023"]
[White "Tinmaz, Kerem"]
[Black "Vovk, Orest"]
[WhiteFideId "44559151"]
[BlackFideId "14113490"]
[WhiteElo "2177"]
[BlackElo "2315"]
[Result "0-1"]
[Round "08"]
[TimeControl "180+2"]
[Date "2023.02.14"]
[WhiteClock "0:00:03"]
[BlackClock "0:00:15"]

1. e4 g5 2. d4 g4 3. Qxg4 d5 4. Qf3 dxe4 5. Qxe4 Nf6 6. Qh4 Rg8 7. Bg5 Rxg5 8. Qxg5 Qxd4 9. c3 Qxf2+ 10. Kxf2 Ne4+ 11. Ke1 Nxg5 12. Nd2 Nc6 13. Ngf3 Nxf3+ 14. Nxf3 Bf5 15. Bb5 Bd7 16. Rd1 a6 17. Ba4 O-O-O 18. Bxc6 Bxc6 19. Rxd8+ Kxd8 20. Kf2 f6 21. Nd4 Bd7 22. Rd1 Ke8 23. b4 e5 24. Nb3 b6 25. h3 Be6 26. Rd3 Bd6 27. g4 Kf7 28. Nd2 Bxa2 29. Ne4 Ke6 30. Nxd6 cxd6 31. Rd1 Bc4 32. Ke3 d5 33. h4 Bb3 34. Rb1 Bc4 35. Ra1 f5 36. gxf5+ Kxf5 37. Rg1 Kf6 38. Rg8 h6 39. Rb8 Kf5 40. Rxb6 h5 41. Rc6 Kg4 42. Rd6 Kxh4 43. Re6 e4 44. Kf4 Kh3 45. Rh6 h4 46. Kg5 e3 47. Rxh4+ Kg3 48. Rg4+ Kf3 49. Kf5 e2 50. Rf4+ Ke3 0-1


[Site "https://www.chess.com"]

[Event "Titled Tuesday Blitz February 14 Early 2023"]
[White "Zaragatski, Ilja"]
[Black "Alex_Sahakyan2006"]
[WhiteFideId "4655192"]
[WhiteElo "2472"]
[BlackElo "2715"]
[Result "1-0"]
[Round "08"]
[TimeControl "180+2"]
[Date "2023.02.14"]
[WhiteClock "0:00:50"]
[BlackClock "0:00:09"]

1. c4 b5 2. cxb5 a6 3. bxa6 Bxa6 4. Nf3 c5 5. g3 g5 6. Nxg5 Bb7 7. Nf3 e5 8. d3 f5 9. Bg2 Nf6 10. Nc3 d6 11. O-O Rg8 12. Nh4 Bxg2 13. Kxg2 f4 14. e4 Nc6 15. Nf5 Nd4 16. Kh1 Qd7 17. Nxd4 cxd4 18. Nd5 Nxd5 19. Qh5+ Qf7 20. Qxf7+ Kxf7 21. exd5 f3 22. Bd2 Bg7 23. a4 e4 24. dxe4 d3 25. Ra3 Rge8 26. Rxd3 Rxe4 27. Rxf3+ Kg6 28. b3 Rc8 29. Bf4 Rd4 30. Bxd6 Rxd5 31. Bf4 Rc2 32. Kg2 Rb2 33. Rc1 Bd4 34. Rc6+ Kh5 35. h3 Bg7 36. g4+ Kh4 37. Bg3+ Kg5 38. Rf4 Bf6 39. h4+ Kg6 40. Rcxf6+ Kg7 41. Rf7+ Kg8 42. Rf8+ Kg7 43. R4f7+ Kg6 44. h5+ Kg5 45. Rg8+ Kh6 46. Rf6# 1-0


[Site "https://www.chess.com"]

[Event "Titled Tuesday Blitz February 14 Early 2023"]
[White "Filgueira, Hernan"]
[Black "Starozhilov, Leonid"]
[WhiteFideId "101770"]
[BlackFideId "14106752"]
[WhiteElo "2283"]
[BlackElo "2313"]
[Result "1/2-1/2"]
[Round "08"]
[TimeControl "180+2"]
[Date "2023.02.14"]
[WhiteClock "0:00:21"]
[BlackClock "0:00:13"]

1. e4 c5 2. Nf3 e6 3. d3 Nc6 4. g3 g6 5. Bg2 Bg7 6. O-O Nge7 7. c3 O-O 8. a3 d5 9. Qe2 e5 10. b4 d4 11. b5 Na5 12. cxd4 cxd4 13. Bd2 Nb3 14. Ra2 Be6 15. Rb2 h6 16. Bb4 b6 17. Nbd2 Nxd2 18. Nxd2 Qd7 19. f4 Rac8 20. f5 gxf5 21. Bxe7 Qxe7 22. exf5 Bd7 23. Ne4 f6 24. a4 Rc7 25. Rc2 Rfc8 26. Rxc7 Rxc7 27. g4 Bc8 28. h4 Bb7 29. Qa2+ Kh8 30. Qe6 Qf8 31. g5 Bxe4 32. Bxe4 Re7 33. Qc6 Re8 34. g6 Rc8 35. Qe6 Re8 36. Qf7 Rc8 37. Qxf8+ Bxf8 38. Bc6 Kg7 39. Kg2 a5 40. Kf3 Ba3 41. h5 Bb2 42. Ke4 Rd8 43. Rf2 Bc3 44. Rc2 Kf8 45. Rg2 Kg7 46. Bd5 Rc8 47. Bc6 Rd8 48. Re2 Rd6 49. Rc2 Rd8 50. Rf2 Rd6 51. Rg2 Rd8 1/2-1/2


[Site "https://www.chess.com"]

[Event "Titled Tuesday Blitz February 14 Early 2023"]
[White "Skliarov, Viktor"]
[Black "Bas Mas, Jose Joaquin"]
[WhiteFideId "14106736"]
[BlackFideId "22219064"]
[WhiteElo "2383"]
[BlackElo "2197"]
[Result "1-0"]
[Round "08"]
[TimeControl "180+2"]
[Date "2023.02.14"]
[WhiteClock "0:00:37"]
[BlackClock "0:00:36"]

1. e4 c5 2. Nf3 d6 3. d4 cxd4 4. Qxd4 Nc6 5. Bb5 Qa5+ 6. Nc3 Qxb5 7. Nxb5 Nxd4 8. Nfxd4 Kd8 9. c4 g6 10. f3 Bg7 11. Be3 Nf6 12. Kf2 Nd7 13. Rhd1 a6 14. Nc3 b6 15. Nc6+ Ke8 16. Nd5 Bb7 17. Nc7+ Kf8 18. Nxa8 Bxa8 19. Nd4 e6 20. Rd2 Ke7 21. Rad1 Nc5 22. Nb3 Nb7 23. Bxb6 Rc8 24. c5 dxc5 25. Rd7+ Ke8 26. Nxc5 Nxc5 27. Rd8+ Rxd8 28. Rxd8+ Ke7 29. Rxa8 Nd3+ 30. Ke2 Nxb2 31. Ra7+ Ke8 32. Rxa6 Nc4 33. Bc5 f5 34. Ra7 Be5 35. Rxh7 Kd8 36. Rh6 Kd7 37. h3 g5 38. exf5 exf5 39. a4 Na5 40. Rg6 Bf4 41. Be3 Bd6 42. Rxg5 f4 43. Rxa5 1-0


[Site "https://www.chess.com"]

[Event "Titled Tuesday Blitz February 14 Early 2023"]
[White "Cunha, Lucas Aguiar"]
[Black "Toncheva, Nadya"]
[WhiteFideId "2125404"]
[BlackFideId "2924056"]
[WhiteElo "2309"]
[BlackElo "2295"]
[Result "1-0"]
[Round "08"]
[TimeControl "180+2"]
[Date "2023.02.14"]
[WhiteClock "0:00:30"]
[BlackClock "0:00:17"]

1. e4 c5 2. Nf3 e6 3. d4 cxd4 4. Nxd4 a6 5. Bd3 Qc7 6. O-O Nf6 7. Qe2 d6 8. c4 Be7 9. Nc3 O-O 10. f4 Nbd7 11. b4 b5 12. Bd2 bxc4 13. Bxc4 Bb7 14. Kh1 Rfc8 15. Bb3 Qb6 16. Nf3 Nf8 17. f5 exf5 18. Ng5 fxe4 19. Bxf7+ Kh8 20. Ncxe4 Nxe4 21. Nxe4 Rc2 22. Nc3 Bf6 23. Nd5 Bxd5 24. Bxd5 Rac8 25. Rad1 Qd4 26. Bb3 Ng6 27. Bxc2 1-0


[Site "https://www.chess.com"]

[Event "Titled Tuesday Blitz February 14 Early 2023"]
[White "Bettalli, Francesco"]
[Black "Chylewski, Patryk"]
[WhiteFideId "2816453"]
[BlackFideId "1186191"]
[WhiteElo "2252"]
[BlackElo "2281"]
[Result "1-0"]
[Round "08"]
[TimeControl "180+2"]
[Date "2023.02.14"]
[WhiteClock "0:00:47"]
[BlackClock "0:01:05"]

1. d4 Nf6 2. Nc3 d5 3. Bf4 a6 4. e3 e6 5. a3 c5 6. dxc5 Bxc5 7. Nf3 O-O 8. Bd3 Nc6 9. Ne5 Nxe5 10. Bxe5 Bd6 11. Bxd6 Qxd6 12. O-O e5 13. e4 d4 14. Ne2 Bd7 15. Ng3 Rac8 16. Qd2 Rc7 17. Rae1 Rfc8 18. f4 Ng4 19. fxe5 Qxe5 20. Rf3 Be6 21. h3 Ne3 22. Nf5 Nxc2 23. Qg5 Nxe1 24. Nh6+ Kh8 25. Qxe5 Nxf3+ 26. gxf3 Rc1+ 27. Kf2 Rd8 28. Nf5 Bxf5 29. Qxf5 Kg8 30. e5 g6 31. Qg5 Re8 32. Qxc1 1-0


[Site "https://www.chess.com"]

[Event "Titled Tuesday Blitz February 14 Early 2023"]
[White "Malka, Samuel"]
[Black "Souleidis, Georgios"]
[WhiteFideId "20643675"]
[BlackFideId "4206827"]
[WhiteElo "2165"]
[BlackElo "2419"]
[Result "0-1"]
[Round "08"]
[TimeControl "180+2"]
[Date "2023.02.14"]
[WhiteClock "0:00:16"]
[BlackClock "0:00:03"]

1. d4 Nf6 2. c4 g6 3. Nc3 Bg7 4. e4 d6 5. Nf3 O-O 6. Be2 e5 7. O-O Bg4 8. d5 a5 9. Be3 Bd7 10. Nd2 h5 11. h3 Na6 12. a3 Nh7 13. Nf3 f5 14. exf5 gxf5 15. Kh2 e4 16. Ne1 h4 17. f4 Kh8 18. Nc2 Rg8 19. Bd4 Qe7 20. Ne3 b6 21. Rb1 Nc5 22. Nb5 Rac8 23. b4 axb4 24. axb4 Nd3 25. Bxd3 exd3 26. Qxd3 Qf7 27. Na7 Rce8 28. Nc6 Re4 29. Bxg7+ Qxg7 30. Ng4 Bxc6 31. dxc6 Rd4 32. Qe3 fxg4 33. hxg4 Rxc4 34. g5 Rxc6 35. Rf3 b5 36. Rh3 Rc4 37. Rxh4 Rf8 38. g3 Qg6 39. Rg1 Re8 40. Qf3 Rc2+ 41. Rg2 Rxg2+ 42. Kxg2 Qc2+ 43. Kh3 Qe4 44. Qxe4 Rxe4 45. g6 Rxb4 46. Rxh7+ Kg8 47. Rxc7 Rc4 48. Kg4 Rxc7 0-1


[Site "https://www.chess.com"]

[Event "Titled Tuesday Blitz February 14 Early 2023"]
[White "Vlassov, Nikolai"]
[Black "Fiorito, Francisco"]
[WhiteFideId "4103360"]
[BlackFideId "180165"]
[WhiteElo "2283"]
[BlackElo "2305"]
[Result "0-1"]
[Round "08"]
[TimeControl "180+2"]
[Date "2023.02.14"]
[WhiteClock "0:00:02"]
[BlackClock "0:00:05"]

1. e4 c5 2. c3 Nf6 3. e5 Nd5 4. d4 cxd4 5. cxd4 d6 6. Bc4 Nb6 7. Bb3 Nc6 8. e6 fxe6 9. Nf3 Na5 10. Bc2 Bd7 11. Nc3 Qc7 12. Ng5 g6 13. Nxh7 O-O-O 14. Bxg6 Bg7 15. Ng5 Rhg8 16. Bf7 Rgf8 17. Nxe6 Bxe6 18. Bxe6+ Kb8 19. Be3 Nac4 20. Qe2 Nxe3 21. fxe3 d5 22. Qg4 Bh6 23. Nb5 Qc6 24. Qg3+ Bf4 25. exf4 Qxb5 26. f5+ Ka8 27. O-O-O Nc4 28. Qb3 Qa6 29. Kb1 Rd6 30. Qc3 Rb6 31. b3 Na3+ 32. Kb2 Nb5 33. Qb4 Nd6 34. Qc3 Qe2+ 35. Ka1 Nb5 36. Qb2 Qe4 37. Rhe1 Qf4 38. Bxd5 Qxf5 39. Bf3 Nd6 40. Rxe7 Nc4 41. Qc3 Nd6 42. Rde1 Rb8 43. R7e5 Qf6 44. Rc5 Qf4 45. h3 a6 46. d5 Nb5 47. Qe5 Qb4 48. Re4 Qxc5 49. Kb2 Qa3+ 50. Kb1 Qc5 51. Rc4 Qf8 52. Kb2 Qa3+ 53. Kb1 Qf8 54. Kb2 Nd6 55. Rd4 Rc8 56. Qe6 Nc4+ 57. Rxc4 Rxe6 58. dxe6 Rxc4 59. bxc4 Qb4+ 60. Ka1 Qxc4 61. Bg4 Qd4+ 62. Kb1 Qf2 0-1


[Site "https://www.chess.com"]

[Event "Titled Tuesday Blitz February 14 Early 2023"]
[White "Ambartsumova, Karina"]
[Black "Manukian, Artak"]
[WhiteFideId "4166299"]
[BlackFideId "13301373"]
[WhiteElo "2393"]
[BlackElo "2196"]
[Result "0-1"]
[Round "08"]
[TimeControl "180+2"]
[Date "2023.02.14"]
[WhiteClock "0:00:28"]
[BlackClock "0:00:50"]

1. c4 Nf6 2. Nc3 g6 3. g3 Bg7 4. Bg2 O-O 5. d4 d6 6. Nf3 Nbd7 7. O-O e5 8. e4 exd4 9. Nxd4 Nc5 10. h3 a5 11. Be3 Re8 12. Qc2 Qe7 13. Rfe1 Nfxe4 14. Nxe4 Nxe4 15. Bxe4 Qxe4 16. Bd2 Qxe1+ 17. Rxe1 Rxe1+ 18. Bxe1 Bxd4 19. Bc3 Bxc3 20. Qxc3 Bxh3 21. Qe3 Be6 22. Qe4 c6 23. Qd4 Rd8 24. Qb6 Rd7 25. Qxa5 Bxc4 26. b3 Ba6 27. Qc3 d5 28. Qd4 Re7 29. Kg2 Re4 30. Qf6 h5 31. Kh3 Re2 32. a4 Bd3 33. Kh4 Bf5 34. Kg5 Re6 35. Qd8+ Kg7 36. Qd7 Re4 0-1


[Site "https://www.chess.com"]

[Event "Titled Tuesday Blitz February 14 Early 2023"]
[White "Demin, Vladimir"]
[Black "Sai Han Thiha"]
[WhiteFideId "4167457"]
[BlackFideId "13012290"]
[WhiteElo "2430"]
[BlackElo "2070"]
[Result "1-0"]
[Round "08"]
[TimeControl "180+2"]
[Date "2023.02.14"]
[WhiteClock "0:01:06"]
[BlackClock "0:00:01"]

1. e4 d6 2. d4 Nf6 3. Nc3 e5 4. Nf3 Nbd7 5. h3 Be7 6. a4 O-O 7. a5 c6 8. Bc4 Rb8 9. O-O b5 10. axb6 axb6 11. b4 b5 12. Bd3 Re8 13. Be3 exd4 14. Nxd4 Ne5 15. f4 Nc4 16. Bxc4 bxc4 17. Nxc6 Qc7 18. Nxb8 Qxb8 19. b5 Bf8 20. Qd4 Bb7 21. e5 dxe5 22. fxe5 Nd7 23. Qh4 Nxe5 24. Bd4 Be7 25. Bxe5 Qxe5 26. Qf4 Qc5+ 27. Kh1 Bf6 28. Rae1 Rf8 29. Ne4 Bxe4 30. Rxe4 Qxb5 31. Rxc4 Be5 32. Qh4 Bg3 33. Qd4 Be5 34. Qd3 Bb8 35. Rc8 Qxd3 36. Rxf8+ Kxf8 37. cxd3 Ke7 38. g4 Be5 39. Kg2 Kd6 40. Kf3 f6 41. Ke4 Ke6 42. d4 Bc7 43. Rb1 g6 44. d5+ Kd7 45. Rc1 Bd6 46. Rc6 Ke7 47. Rb6 Kd7 48. Rb7+ Bc7 49. Kd4 Kd6 50. Ke4 h5 51. gxh5 gxh5 52. Kf5 Bd8 53. Rh7 Kxd5 54. Rxh5 Kd6 55. h4 Ke7 56. Rh7+ Kf8 57. h5 Kg8 58. Kg6 f5 59. Rf7 Bb6 60. h6 Bd4 61. h7+ Kh8 62. Rf8# 1-0


[Site "https://www.chess.com"]

[Event "Titled Tuesday Blitz February 14 Early 2023"]
[White "Jovic, Stanoje"]
[Black "Yurovskykh, Oleksandr"]
[WhiteFideId "905020"]
[BlackFideId "14134020"]
[WhiteElo "2075"]
[BlackElo "2328"]
[Result "0-1"]
[Round "08"]
[TimeControl "180+2"]
[Date "2023.02.14"]
[WhiteClock "0:00:14"]
[BlackClock "0:00:08"]

1. c4 g6 2. g3 Bg7 3. Bg2 e5 4. Nc3 Ne7 5. Nf3 O-O 6. O-O Nbc6 7. d3 d6 8. Rb1 a5 9. a3 h6 10. b4 axb4 11. axb4 Be6 12. e4 Qd7 13. Nd5 f5 14. Nh4 g5 15. b5 Nd4 16. Nxe7+ Qxe7 17. Ng6 Qf7 18. Nxf8 Rxf8 19. Be3 f4 20. Bxd4 exd4 21. f3 fxg3 22. hxg3 Be5 23. Qe1 h5 24. Rb2 Kg7 25. f4 gxf4 26. gxf4 Bxf4 27. Kh1 Qg6 28. Qh4 Qg4 29. Qxg4+ hxg4 30. Ra1 Rh8+ 31. Kg1 Be3+ 32. Kf1 g3 33. Ra7 Bc8 34. e5 dxe5 35. Be4 Bh3+ 36. Ke1 Bf2+ 37. Kd1 Bg4+ 38. Kc2 Rh2 39. Kb3 Bd1+ 40. Kb4 Be1+ 41. Ka3 Bd2 42. Rxb7 Bc1 43. Rxc7+ Kf6 44. Rc6+ Ke7 45. b6 Rxb2 46. Rc7+ Kd6 47. c5+ Ke6 48. Rc6+ Kd7 49. Rd6+ Ke7 50. Bd5 Rxb6+ 51. Ka2 Rxd6 52. cxd6+ Kxd6 53. Kb1 Be3 54. Bg2 Be2 55. Kc2 Ke6 56. Bh3+ Kf6 57. Bg2 Kg5 0-1


[Site "https://www.chess.com"]

[Event "Titled Tuesday Blitz February 14 Early 2023"]
[White "Prado Lobo, Jonas"]
[Black "Martic, Ivan"]
[WhiteFideId "32050666"]
[BlackFideId "929301"]
[WhiteElo "2313"]
[BlackElo "2301"]
[Result "1/2-1/2"]
[Round "08"]
[TimeControl "180+2"]
[Date "2023.02.14"]
[WhiteClock "0:00:07"]
[BlackClock "0:00:38"]

1. c4 c6 2. d4 d5 3. cxd5 cxd5 4. Bf4 Nf6 5. e3 Nc6 6. Nc3 Bf5 7. Qb3 Na5 8. Qa4+ Bd7 9. Qc2 e6 10. Nf3 Rc8 11. Bd3 Bb4 12. O-O O-O 13. Rfc1 Nc4 14. Qe2 h6 15. Ne5 Nxe5 16. Bxe5 a6 17. a3 Be7 18. b4 Bc6 19. h3 Nd7 20. Bg3 Nb6 21. Rcb1 Bd6 22. Bxd6 Qxd6 23. a4 Bd7 24. Rb3 Rc7 25. a5 Nc4 26. Bxc4 Rxc4 27. Ne4 Qc7 28. Nc5 Bb5 29. Qg4 e5 30. Rd1 exd4 31. Rxd4 Rc2 32. Rb1 Bc4 33. Rbd1 Re8 34. Rf4 Rb2 35. Rf3 Rxb4 36. Rg3 Qe5 37. Nd3 Bxd3 38. Qxb4 Bb5 39. Qd4 Bc4 40. Qxe5 Rxe5 41. Rd4 Re6 42. Rf3 b5 43. Rff4 b4 44. Rxc4 dxc4 45. Rxc4 Re5 46. Rxb4 Rxa5 47. Rb8+ Kh7 48. Ra8 Ra2 49. Ra7 h5 50. Rxf7 Kg6 51. Ra7 a5 52. h4 a4 53. g3 a3 54. Kg2 Kf6 55. Ra6+ Ke5 56. Ra5+ Ke4 57. Rxh5 Rb2 58. Ra5 a2 59. g4 Kd3 60. g5 Kc2 61. h5 Kb1 62. Kg3 a1=Q 63. Rxa1+ Kxa1 64. Kg4 Rxf2 65. h6 gxh6 66. gxh6 Kb2 67. Kg5 Kc3 68. h7 Rh2 69. Kg6 Kd3 70. Kg7 Rg2+ 71. Kf7 Rf2+ 72. Kg8 Rg2+ 73. Kf8 Rf2+ 74. Kg7 Rg2+ 75. Kh6 Rh2+ 76. Kg7 Ke4 77. h8=Q Rxh8 78. Kxh8 Kxe3 1/2-1/2


[Site "https://www.chess.com"]

[Event "Titled Tuesday Blitz February 14 Early 2023"]
[White "Bon, Michael"]
[Black "Ordekalog"]
[WhiteFideId "620696"]
[WhiteElo "2394"]
[BlackElo "2544"]
[Result "0-1"]
[Round "08"]
[TimeControl "180+2"]
[Date "2023.02.14"]
[WhiteClock "0:00:08"]
[BlackClock "0:00:05"]

1. e4 d5 2. exd5 Qxd5 3. d4 e5 4. Nf3 exd4 5. Qxd4 Nf6 6. Nc3 Qxd4 7. Nxd4 Bb4 8. Nb5 Nd5 9. Bc4 a6 10. Bxd5 axb5 11. O-O Bxc3 12. bxc3 O-O 13. Bf4 c6 14. Bb3 Bf5 15. Rfe1 Nd7 16. Re7 Nc5 17. Rae1 Be6 18. Bd6 Nxb3 19. axb3 Rfd8 20. Bc5 Rd7 21. Rxd7 Bxd7 22. f3 Be6 23. Rd1 h5 24. Rd2 Ra2 25. b4 Kh7 26. Kf2 Bf5 27. Ke3 Kg6 28. Kf4 Bxc2 29. g4 f6 30. h4 Bb3 31. Rd7 hxg4 32. fxg4 Rg2 33. Bf8 Rxg4+ 34. Kxg4 Be6+ 35. Kf4 Bxd7 36. Kg3 Kf7 37. Bc5 g6 38. Bd4 Ke6 39. Kf4 Bc8 40. Be3 Kf7 41. Bd4 Bh3 42. Bc5 Ke6 43. Bd4 Bf1 44. Bc5 Bc4 45. Bd4 Kf7 46. Bc5 Kg7 47. Bd4 Bd5 48. Kg4 Kf7 49. Kf4 Ke6 50. Bc5 Bc4 51. Bd4 Bd3 52. Kg4 Be2+ 53. Kf4 Bd1 54. Bc5 Bh5 55. Bd4 f5 56. Kg5 Kd5 57. Bc5 Ke4 58. Bd4 f4 0-1


[Site "https://www.chess.com"]

[Event "Titled Tuesday Blitz February 14 Early 2023"]
[White "Ibadov, Dashgyn"]
[Black "Enkhtuul, Altan-Ulzii"]
[WhiteFideId "24107514"]
[BlackFideId "4901444"]
[WhiteElo "2391"]
[BlackElo "2254"]
[Result "1/2-1/2"]
[Round "08"]
[TimeControl "180+2"]
[Date "2023.02.14"]
[WhiteClock "0:00:03"]
[BlackClock "0:00:25"]

1. e4 c6 2. d4 d5 3. Nc3 dxe4 4. Nxe4 Nf6 5. Nxf6+ exf6 6. c3 Bf5 7. Bd3 Bxd3 8. Qxd3 Bd6 9. Ne2 O-O 10. O-O Nd7 11. Bf4 Qc7 12. Bxd6 Qxd6 13. Ng3 g6 14. Ne4 Qe7 15. Rfe1 f5 16. Nd2 Qg5 17. Nf3 Qf6 18. Ne5 Rad8 19. Nxd7 Rxd7 20. Qf3 Re7 21. Re2 Rfe8 22. Rae1 Re6 23. g3 h5 24. h4 Kg7 25. Rxe6 Rxe6 26. Re3 Qe7 27. Kg2 a6 28. Rxe6 Qxe6 29. b3 a5 30. Qe3 Qd5+ 31. f3 a4 32. c4 Qa5 33. Qe5+ Qxe5 34. dxe5 axb3 35. axb3 Kf8 36. Kf2 Ke7 37. Ke3 c5 38. Kd3 Kd7 39. Kc3 Ke6 40. f4 f6 41. exf6 Kxf6 42. b4 Ke6 43. bxc5 Kd7 44. Kb3 Kc7 45. Ka4 Kc6 46. Kb4 Kd7 47. Kb5 Kc7 48. Ka4 Kd7 49. Kb3 Kc7 50. Kc3 Kd7 51. Kd3 Kc7 52. Kc3 Kd7 1/2-1/2


[Site "https://www.chess.com"]

[Event "Titled Tuesday Blitz February 14 Early 2023"]
[White "Kumala, Aleksander"]
[Black "Kejna, Piotr"]
[WhiteFideId "1141880"]
[BlackFideId "21821704"]
[WhiteElo "2165"]
[BlackElo "2027"]
[Result "0-1"]
[Round "08"]
[TimeControl "180+2"]
[Date "2023.02.14"]
[WhiteClock "0:00:22"]
[BlackClock "0:00:09"]

1. d4 Nf6 2. Bg5 Ne4 3. h4 c5 4. d5 Qb6 5. Nd2 Nxd2 6. Bxd2 Qxb2 7. Nf3 d6 8. e4 Qb6 9. Rb1 Qc7 10. Bc3 Bg4 11. h5 h6 12. Rh4 Bxf3 13. Qxf3 Nd7 14. Rf4 f6 15. Qh3 O-O-O 16. Bb5 Kb8 17. e5 dxe5 18. Ra4 Nb6 19. Ba5 Rxd5 20. c4 Rd6 21. Ra3 e6 22. Rab3 Be7 23. Qg3 Bd8 24. Qg6 Rf8 25. Rg3 Rf7 26. Be8 Re7 27. Ba4 Rd4 28. Bb3 Qd6 29. Kf1 Nxc4 30. Bxd8 Qxd8 31. Bxc4 Rd1+ 32. Ke2 Qd2+ 33. Kf3 Qf4+ 34. Ke2 Rd2+ 35. Ke1 Qxf2# 0-1


[Site "https://www.chess.com"]

[Event "Titled Tuesday Blitz February 14 Early 2023"]
[White "Kubatko, Ivan"]
[Black "Mamedov, Edgar"]
[WhiteFideId "24111473"]
[BlackFideId "13739980"]
[WhiteElo "2257"]
[BlackElo "2193"]
[Result "0-1"]
[Round "08"]
[TimeControl "180+2"]
[Date "2023.02.14"]
[WhiteClock "0:00:01"]
[BlackClock "0:00:07"]

1. e4 c6 2. d4 d5 3. exd5 cxd5 4. c4 Nf6 5. Nc3 Nc6 6. Bg5 Ne4 7. Nxe4 dxe4 8. d5 Ne5 9. Qd4 f6 10. Bf4 Ng4 11. Qxe4 e5 12. Bd2 Bc5 13. Nh3 Qb6 14. O-O-O Bxf2 15. Be2 Bd4 16. Qc2 Bf5 17. Qb3 Qxb3 18. axb3 Ne3 19. Rdg1 Rc8 20. Nf2 b5 21. Nd1 Nxd5 22. Rf1 Be4 23. Bf3 Bxf3 24. Rxf3 bxc4 25. bxc4 Rxc4+ 26. Kb1 O-O 27. Re1 Rb8 28. g4 Rc5 29. g5 Rcb5 30. Bc1 fxg5 31. Rf5 h6 32. h4 g4 33. h5 g3 34. Rf3 Rb3 0-1


[Site "https://www.chess.com"]

[Event "Titled Tuesday Blitz February 14 Early 2023"]
[White "Jarocka, Liwia"]
[Black "Veiga, Jose Francisco R P Neves"]
[WhiteFideId "21807558"]
[BlackFideId "1930087"]
[WhiteElo "2225"]
[BlackElo "2406"]
[Result "0-1"]
[Round "08"]
[TimeControl "180+2"]
[Date "2023.02.14"]
[WhiteClock "0:01:55"]
[BlackClock "0:01:55"]

1. d4 g6 2. Nf3 Bg7 3. g3 d5 4. Bg2 Nf6 5. O-O O-O 6. c4 c6 7. Ne5 Ng4 8. cxd5 cxd5 9. Bf4 Nc6 10. Nxc6 bxc6 11. Nc3 e5 12. dxe5 Nxe5 13. Rc1 Ba6 14. Re1 Re8 15. Na4 Qa5 16. b3 Rad8 17. Bxe5 Rxe5 18. Rxc6 Bb5 19. Rc5 d4 20. Rxe5 Bxe5 21. Be4 h5 22. Bd3 Bc6 23. Qc2 Qxe1# 0-1


[Site "https://www.chess.com"]

[Event "Titled Tuesday Blitz February 14 Early 2023"]
[White "Dzhaparov, Medet"]
[Black "Derjabin, Ilja"]
[WhiteFideId "13803689"]
[BlackFideId "14104768"]
[WhiteElo "1578"]
[BlackElo "2333"]
[Result "0-1"]
[Round "08"]
[TimeControl "180+2"]
[Date "2023.02.14"]
[WhiteClock "0:02:18"]
[BlackClock "0:01:42"]

1. e4 c5 2. Nf3 d6 3. d4 cxd4 4. Nxd4 Nf6 5. Nc3 a6 6. h3 e5 7. Nb3 Be7 8. g4 b5 9. Bg2 b4 10. Nd5 O-O 11. Bd2 a5 12. Be3 Nxd5 13. exd5 f5 14. gxf5 Bxf5 15. Qd2 a4 16. Nc1 Na6 17. Nd3 b3 18. axb3 axb3 19. cxb3 Bxd3 20. Qxd3 Nb4 0-1


[Site "https://www.chess.com"]